 Dungeon Crawl Stone Soup version 0.28.0-43-g3370ac3207 (webtiles) character file.

Game seed: 3356425183439613483

4421 skidrowmega the Martial Artist (level 10, -6/76 HPs)
             Began as a Gnoll Transmuter on Mar 5, 2022.
             Was a Believer of Makhleb.
             Killed from afar by a steam dragon (22 damage)
             ... with a ball of steam
             ... on level 9 of the Dungeon.
             The game lasted 00:55:00 (13335 turns).

skidrowmega the Martial Artist (Gnoll Transmuter)  Turns: 13335, Time: 00:55:08

Health: -6/76      AC:  2    Str:  9    XL:     10   Next: 36%
Magic:  17/20      EV: 24    Int: 17    God:    Makhleb [**....]
Gold:   369        SH:  0    Dex: 18    Spells: 15/23 levels left

rFire   . . .      SeeInvis .     - Unarmed
rCold   + + .      Faith    .   (shield currently unavailable)
rNeg    . . .      Spirit   .   (armour currently unavailable)
rPois   x          Reflect  .   (helmet currently unavailable)
rElec   .          Harm     .   (cloak currently unavailable)
rCorr   .          Rampage  .   (gloves currently unavailable)
Will    .....                   (boots currently unavailable)
Stlth   +++.......              (no amulet)
HPRegen 0.22/turn               a - ring of protection from cold
MPRegen 0.17/turn               u - ring of protection from cold

@: spider-form
A: venomous fangs, tiny, (fangs 1), strong nose, distributed training
a: End Transformation, Renounce Religion, Minor Destruction


You were on level 9 of the Dungeon.
You worshipped Makhleb.
Makhleb was pleased with you.
You were a venomous arachnid creature.
You visited 2 branches of the dungeon, and saw 10 of its levels.

You collected 439 gold pieces.
You spent 70 gold pieces at shops.

Inventory:

Hand Weapons
 k - a +1 dagger of electrocution
 C - a +0 hunting sling (melded)
 F - the +9 mace of Liuceh {pain, rCorr Str+4 Dex+2}
   (You found it on level 7 of the Dungeon)

   In the hands of one skilled in necromantic magic, it inflicts extra damage on
   living creatures.
   Str:       It affects your strength (+4).
   Dex:       It affects your dexterity (+2).
   rCorr:     It protects you from acid and corrosion.
 G - a +7 short sword
Missiles
 d - 49 sling bullets
 e - 282 stones (quivered)
 f - 5 poisoned darts
 I - 3 throwing nets
Armour
 j - a +0 leather armour (melded)
 m - a +0 ring mail
 n - a +0 helmet (melded)
 p - a +0 plate armour
 x - a +0 pair of gloves (melded)
Magical Staves
 r - a staff of earth
Jewellery
 a - a ring of protection from cold (left front leg)
 u - a ring of protection from cold (right front leg)
Wands
 c - a wand of charming (13)
 g - a wand of paralysis (16)
 y - a wand of flame (14)
Scrolls
 h - 2 scrolls of immolation
 l - 2 scrolls of magic mapping
 o - 3 scrolls of fog
 q - a scroll of holy word {unknown}
 t - 2 scrolls of enchant armour
 v - 4 scrolls of identify
 D - a scroll of blinking {unknown}
 H - 2 scrolls of brand weapon {unknown}
Potions
 b - 3 potions of lignification {unknown}
 i - a potion of heal wounds {unknown}
 s - 4 potions of curing
 w - a potion of resistance {unknown}
 z - a potion of cancellation {unknown}
 A - a potion of ambrosia {unknown}
 B - a potion of brilliance {unknown}
 E - a potion of haste {unknown}
 J - a potion of attraction {unknown}


   Skills:
 + Level 5.9 Fighting
 + Level 5.2 Short Blades
 + Level 5.2 Long Blades
 + Level 5.2 Axes
 + Level 5.2 Maces & Flails
 + Level 5.2 Polearms
 + Level 5.2 Staves
 + Level 5.2 Slings
 + Level 5.2 Bows
 + Level 5.2 Crossbows
 + Level 5.2 Throwing
 + Level 5.2 Armour
 + Level 7.0 Dodging
 + Level 5.2 Stealth
 + Level 5.2 Shields
 + Level 8.4 Unarmed Combat
 + Level 7.3 Spellcasting
 + Level 4.3 Conjurations
 + Level 4.3 Hexes
 + Level 4.3 Summonings
 + Level 4.3 Necromancy
 + Level 4.3 Translocations
 + Level 5.8 Transmutations
 + Level 4.3 Fire Magic
 + Level 4.3 Ice Magic
 + Level 4.3 Air Magic
 + Level 4.3 Earth Magic
 + Level 4.3 Poison Magic
 + Level 5.7 Invocations
 + Level 5.2 Evocations


You had 15 spell levels left.
You knew the following spells:

 Your Spells              Type           Power      Damage    Failure   Level
a - Beastly Appendage     Tmut           52%        N/A       5%          1
b - Spider Form           Tmut/Pois      23%        N/A       13%         3
c - Ice Form              Ice/Tmut       23%        N/A       32%         4

Your spell library contained the following spells:

 Spells                   Type           Power      Damage    Failure   Level
 Wereblood                Tmut           26%        N/A       7%          2
 Sandblast                Erth           40%        2d10      8%          1
 Passwall                 Tmut/Erth      19%        N/A       9%          2
 Stone Arrow              Conj/Erth      40%        3d9       17%         3
 Summon Guardian Golem    Hex/Summ       20%        N/A       17%         3
 Tukima's Dance           Hex            20%        N/A       17%         3
 Animate Armour           Summ/Erth      40%        N/A       38%         4
 Passage of Golubria      Tloc           20%        N/A       38%         4
 Summon Lightning Spire   Summ/Air       20%        N/A       38%         4
 Yara's Violent Unravell  Hex/Tmut       11%        3d6       58%         5
 Orb of Destruction       Conj           10%        9d6       100%        7
 Spellforged Servitor     Conj/Summ      10%        N/A       100%        7
 Storm Form               Tmut/Air       11%        N/A       100%        7
 Lehudib's Crystal Spear  Conj/Erth      10%        10d4      100%        8
 Maxwell's Capacitive Co  Air            10%        ∞         100%        8


Dungeon Overview and Level Annotations

Branches:
Dungeon (9/15)             Temple (1/1) D:5            Lair (0/6) D:8
    Orc: D:9-12

Altars:
Ashenzari
Cheibriados
Dithmenos
Elyvilon
Fedhas
Hepliaklqana
Kikubaaqudgha
Makhleb
Nemelex Xobeh
Okawaru
Qazlal
Ru
Sif Muna
Trog
Uskayaw
Vehumet
Wu Jian
Xom
Yredelemnul
Zin

Shops:
D:1 *   D:5 [   D:8 *   D:9 (

Annotations:
D:7 2 transporters, Garym's ghost, novice MiBe
D:8 exclusion: cyclops


Innate Abilities, Weirdness & Mutations

You are a venomous arachnid creature.
You have poisonous fangs.
You are tiny and dextrous.
Your spellcasting is less reliable in this form.
Your armour is entirely melded.
You are incapable of wielding weapons or throwing items.
((You have very sharp teeth.))
Your uncanny sense of smell can sniff out nearby items.
Your experience applies equally to all skills.


Message History

The ball of steam misses you.
You bite the steam dragon!
The steam dragon is poisoned.
The steam dragon is heavily wounded.
The steam dragon misses you.
The steam dragon claws you but does no damage.
You hit the steam dragon.
The steam dragon looks as sick as possible!
The steam dragon is severely wounded.
The steam dragon completely misses you. x2
The steam dragon closely misses you. x2
You hit the steam dragon but do no damage.
You kill the steam dragon!
Makhleb accepts your kill.
You feel better. The steam dragon completely misses you.
The steam dragon barely misses you.
You bite the steam dragon!
The steam dragon is poisoned.
The steam dragon is moderately wounded.
The kobold is engulfed in a cloud of scalding steam.
The kobold dies!
The steam dragon bites you! The steam dragon closely misses you.
You hit the steam dragon.
The steam dragon looks as sick as possible!
The steam dragon is heavily wounded.
The steam dragon misses you. The steam dragon closely misses you.
The steam dragon completely misses you. The steam dragon misses you.
Things that are here:
a +0 dagger; a stone; a kobold corpse The steam dragon breathes steam at you.
The ball of steam hits you!
* * * LOW HITPOINT WARNING * * *
Things that are here:
a +2 short sword of speed; a kobold corpse The steam dragon closely misses you.
The steam dragon completely misses you.
You hit the steam dragon.
The steam dragon looks as sick as possible!
The steam dragon is almost dead.
You are engulfed in a cloud of scalding steam.
The steam dragon breathes steam at you. The ball of steam hits you!!
You die...

#......∩............
#(..(.(#...........
########......#..
#.............#..
##..............
#........#.......
###...####.......
#...# ...... ###.s§#
...... #..D§§# .....
###§§#)......
#...........
#............
##...........
..).........
#.#......(...
.............


You could see a steam dragon (extremely poisoned, catching breath).

Vanquished Creatures
  A two-headed ogre (D:8)
  A hornet (D:8)
  4 yaks (D:9)
  A steam dragon (D:9)
  2 water moccasins
  An ice beast (D:6)
  2 orc warriors
  A black bear (D:7)
  A necrophage (D:6)
  3 centaurs
  4 ogres
  A kobold brigand (D:9)
  2 bullfrogs
  A gnoll sergeant (D:8)
  3 wights
  5 killer bees
  A howler monkey (D:8)
  2 bullfrog zombies (D:5)
  2 centaur zombies
  4 hounds
  7 orc priests
  3 centaur skeletons
  A gnoll shaman (D:7)
  3 orc wizards
  6 iguanas
  A scorpion zombie (D:5)
  A hound skeleton (D:5)
  10 gnolls
  4 adders
  A white imp (D:5)
  2 ufetubi
  An adder skeleton (D:4)
  An adder zombie (D:5)
  2 worms (D:2)
  2 dart slugs
  22 orcs
  8 ball pythons
  10 bats
  8 endoplasms
  9 goblins
  8 hobgoblins
  9 jackals
  5 kobolds
  6 quokkas
  3 training dummies (D:9)
  A frilled lizard (D:1)
  6 rats
182 creatures vanquished.

Vanquished Creatures (others)
  3 orc priests (D:7)
  An orc (D:7)
  A kobold (D:9)
  A plant (D:8)
6 creatures vanquished.

Grand Total: 188 creatures vanquished

Notes
Turn   | Place    | Note
-------+----------+-------------------------------------------
     0 | D:1      | skidrowmega the Gnoll Transmuter began the quest for the
                  | Orb.
     0 | D:1      | Reached XP level 1. HP: 17/17 MP: 6/6
   157 | D:1      | Found Tug Fimm's General Store.
   165 | D:1      | Bought 4 poisoned darts for 16 gold pieces
   261 | D:1      | Reached XP level 2. HP: 8/23 MP: 7/7
   682 | D:1      | Found a faded altar of an unknown god.
   922 | D:1      | Reached XP level 3. HP: 20/28 MP: 9/9
  1119 | D:1      | Reached skill level 5 in Spellcasting
  1424 | D:1      | Reached skill level 1 in Invocations
  1625 | D:2      | Reached skill level 1 in Short Blades
  1625 | D:2      | Reached skill level 1 in Long Blades
  1625 | D:2      | Reached skill level 1 in Axes
  1625 | D:2      | Reached skill level 1 in Maces & Flails
  1625 | D:2      | Reached skill level 1 in Polearms
  1625 | D:2      | Reached skill level 1 in Staves
  1625 | D:2      | Reached skill level 1 in Slings
  1625 | D:2      | Reached skill level 1 in Bows
  1625 | D:2      | Reached skill level 1 in Crossbows
  1625 | D:2      | Reached skill level 1 in Throwing
  1625 | D:2      | Reached skill level 1 in Armour
  1625 | D:2      | Reached skill level 1 in Stealth
  1625 | D:2      | Reached skill level 1 in Shields
  1625 | D:2      | Reached skill level 1 in Evocations
  1752 | D:2      | Reached XP level 4. HP: 33/34 MP: 11/11
  2726 | D:3      | Noticed an ogre
  2929 | D:3      | Reached skill level 1 in Conjurations
  2929 | D:3      | Reached skill level 1 in Hexes
  2929 | D:3      | Reached skill level 1 in Summonings
  2929 | D:3      | Reached skill level 1 in Necromancy
  2929 | D:3      | Reached skill level 1 in Translocations
  2929 | D:3      | Reached skill level 1 in Fire Magic
  2929 | D:3      | Reached skill level 1 in Ice Magic
  2929 | D:3      | Reached skill level 1 in Air Magic
  2929 | D:3      | Reached skill level 1 in Earth Magic
  2929 | D:3      | Reached skill level 1 in Poison Magic
  3398 | D:3      | Killed an ogre
  3399 | D:3      | Reached XP level 5. HP: 41/41 MP: 10/12
  3753 | D:4      | Reached XP level 6. HP: 45/47 MP: 11/13
  3898 | D:4      | Learned a level 3 spell: Spider Form
  4078 | D:4      | Reached skill level 5 in Dodging
  4547 | D:4      | Reached XP level 7. HP: 41/52 MP: 11/15
  4999 | D:5      | Entered Level 5 of the Dungeon
  5111 | D:5      | Found a staircase to the Ecumenical Temple.
  5116 | Temple   | Entered the Ecumenical Temple
  5297 | Temple   | Became a worshipper of Makhleb the Destroyer
  5347 | D:5      | Reached skill level 7 in Unarmed Combat
  5827 | D:5      | Found Xiba's Armour Emporium.
  5835 | D:5      | Bought a +0 pair of gloves for 54 gold pieces
  7330 | D:4      | Reached XP level 8. HP: 49/60 MP: 12/16
  8281 | D:6      | Reached * piety under Makhleb
  9772 | D:7      | Found a blossoming altar of Fedhas.
  9952 | D:7      | Reached XP level 9. HP: 61/66 MP: 18/18
 10003 | D:7      | Reached skill level 5 in Transmutations
 10117 | D:7      | Found a transporter.
 10119 | D:7      | Found a transporter.
 10144 | D:7      | Found a bloodstained altar of Trog.
 10144 | D:7      | Noticed a moth of wrath
 10390 | D:7      | Learned a level 4 spell: Ice Form
 10640 | D:7      | Identified the +9 mace of Liuceh {pain, rCorr Str+4 Dex+2}
 10785 | D:7      | Reached ** piety under Makhleb
 10952 | D:7      | Noticed a troll
 10953 | D:7      | Noticed Garym's ghost (novice MiBe)
 10972 | D:7      | Found a glowing silver altar of Zin.
 11297 | D:7      | Reached skill level 5 in Fighting
 11468 | D:8      | Noticed a hornet
 11480 | D:8      | Killed a hornet
 11481 | D:8      | Reached skill level 8 in Unarmed Combat
 11507 | D:8      | Found a staircase to the Lair.
 11798 | D:8      | Noticed a cyclops
 11840 | D:8      | Reached skill level 5 in Invocations
 11850 | D:8      | Found Ceuh's CLEARANCE SALE!.
 12333 | D:9      | Noticed a two-headed ogre
 12393 | D:9      | Found Yrobis's Firing Range.
 12748 | D:9      | Reached XP level 10. HP: 65/74 MP: 18/20
 12839 | D:8      | Killed a two-headed ogre
 12840 | D:8      | Reached skill level 5 in Short Blades
 12840 | D:8      | Reached skill level 5 in Long Blades
 12840 | D:8      | Reached skill level 5 in Axes
 12840 | D:8      | Reached skill level 5 in Maces & Flails
 12840 | D:8      | Reached skill level 5 in Polearms
 12840 | D:8      | Reached skill level 5 in Staves
 12840 | D:8      | Reached skill level 5 in Slings
 12840 | D:8      | Reached skill level 5 in Bows
 12840 | D:8      | Reached skill level 5 in Crossbows
 12840 | D:8      | Reached skill level 5 in Throwing
 12840 | D:8      | Reached skill level 5 in Armour
 12840 | D:8      | Reached skill level 5 in Stealth
 12840 | D:8      | Reached skill level 5 in Shields
 12840 | D:8      | Reached skill level 5 in Evocations
 13335 | D:9      | Killed from afar by a steam dragon

Illustrated notes

Levels and vault maps discovered:
D:1:      co_arrival_square_in_a_square_in_a_square, layout_loops_cross,
          hellmonk_ecumenical_altar_blasted, serial_shops, nicolae_shop_stone,
          kennysheep_boxes
D:2:      layout_rooms, kennysheep_generic_room_13
D:3:      layout_basic
D:4:      minmay_diamond_boxcup, layout_gridville, serial_forest,
          infiniplex_forest_clump_long, infiniplex_forest_lined_room_2,
          infiniplex_forest_lined_room_2, infiniplex_forest_clump_diagonal,
          infiniplex_forest_end_3, infiniplex_forest_zigzag_2,
          infiniplex_forest_clump_long
D:5:      layout_basic, minmay_temple_entry_glassed_door, serial_shops,
          nicolae_shop_hallway_stairs, dk_noncrumbling_2
D:6:      layout_basic, chequers_serial_rivers_micro_c
D:7:      layout_rooms, lemuel_tele_altar, kennysheep_little_box,
          gammafunk_ghost_wrathful_warriors, minivault_11, lemuel_flamethrower_2
D:8:      layout_cave_pools, dpeg_oklobed_lair, nicolae_shop_clearance
D:9:      layout_cave_pools, mainiacjoe_overflow_big_doors, zombieorc2_lemuel,
          roderic_batcave, nicolae_shop_firing_range
Temple:   mainiacjoe_temple_coin_purse

Skill      XL: |  1  2  3  4  5  6  7  8  9 10 |
---------------+-------------------------------+-----
Spellcasting   | 5 6 7 |  7.3
Invocations    | 1 2 3 4 5 |  5.7
Short Blades   | 1 2 3 4 5 |  5.2
Long Blades    | 1 2 3 4 5 |  5.2
Axes           | 1 2 3 4 5 |  5.2
Maces & Flails | 1 2 3 4 5 |  5.2
Polearms       | 1 2 3 4 5 |  5.2
Staves         | 1 2 3 4 5 |  5.2
Slings         | 1 2 3 4 5 |  5.2
Bows           | 1 2 3 4 5 |  5.2
Crossbows      | 1 2 3 4 5 |  5.2
Throwing       | 1 2 3 4 5 |  5.2
Armour         | 1 2 3 4 5 |  5.2
Stealth        | 1 2 3 4 5 |  5.2
Shields        | 1 2 3 4 5 |  5.2
Evocations     | 1 2 3 4 5 |  5.2
Conjurations   | 1 2 3 4 |  4.3
Hexes          | 1 2 3 4 |  4.3
Summonings     | 1 2 3 4 |  4.3
Necromancy     | 1 2 3 4 |  4.3
Translocations | 1 2 3 4 |  4.3
Fire Magic     | 1 2 3 4 |  4.3
Ice Magic      | 1 2 3 4 |  4.3
Air Magic      | 1 2 3 4 |  4.3
Earth Magic    | 1 2 3 4 |  4.3
Poison Magic   | 1 2 3 4 |  4.3
Fighting       | 3 4 5 |  5.9
Transmutations | 4 5 |  5.8
Dodging        | 5 6 7 |  7.0
Unarmed Combat | 7 8 |  8.4

Action                   |  1- 3 |  4- 6 |  7- 9 | 10-12 || total
-------------------------+-------+-------+-------+-------++-------
Melee: Dagger            |   111 |   108 |    78 |       ||   297
       Hand axe          |     9 |       |       |       ||     9
       Kick              |    16 |    15 |    17 |       ||    48
       Headbutt          |    14 |    13 |     8 |       ||    35
       Unarmed           |     2 |    26 |   224 |    41 ||   293
       Punch             |     3 |     7 |     5 |       ||    15
       Bite              |     7 |    10 |    12 |       ||    29
       Staff             |       |       |    10 |       ||    10
       Mace              |       |       |     6 |       ||     6
 Fire: Hunting sling     |       |       |    59 |    18 ||    77
       Shortbow          |       |       |     8 |       ||     8
Throw: Stone             |    82 |    30 |    34 |       ||   146
       Dart              |       |     2 |       |       ||     2
       Boomerang         |       |     4 |     9 |       ||    13
       Throwing net      |       |       |       |     2 ||     2
 Cast: Beastly Appendage |    26 |    22 |    11 |     1 ||    60
       Spider Form       |       |     7 |    25 |     5 ||    37
       Ice Form          |       |       |     8 |     1 ||     9
Invok: Minor Destruction |       |       |     1 |     3 ||     4
 Abil: End Transformatio |       |       |     2 |     1 ||     3
Evoke: Wand              |       |       |     4 |       ||     4
  Use: Scroll            |       |     3 |     4 |       ||     7
 Stab: Sleeping          |       |     1 |     1 |       ||     2
       Paralysed         |       |       |     8 |       ||     8
Armor: Robe              |    30 |       |       |       ||    30
       Leather armour    |     4 |     4 |    25 |     3 ||    36
       Ring mail         |       |    29 |       |       ||    29
       Skin              |       |       |    24 |     2 ||    26
Dodge: Dodged            |    93 |    78 |   280 |    51 ||   502
